 Dungeon Crawl Stone Soup version 0.31-a0-229-g1fc7ce93e2 (webtiles) character file.

Game seed: 10045705626512144827

151505 qw the Crack Shot (level 17, -30/161 HPs)
             Began as a Minotaur Hexslinger on July 6, 2023.
             Was a High Priest of Okawaru.
             Annihilated by a naga warrior
             ... wielding a +0 glaive
              (45 damage)
             ... on level 2 of the Snake Pit.
             The game lasted 00:13:46 (21664 turns).

qw the Crack Shot (Minotaur Hexslinger)            Turns: 21664, Time: 00:13:46

Health: -30/161    AC: 15    Str:  8    XL:     17   Next: 1%
Magic:  32/32      EV: 37    Int:  9    God:    Okawaru [*****.]
Gold:   19         SH:  0    Dex: 38    Spells: 17/18 levels left

rFire   . . .        y - +2 triple crossbow (freeze)
rCold   . . .        (shield currently unavailable)
rNeg    . . .        w - +0 troll leather armour "Bigyt" {rElec Regen+ rCorr MP+9 Str-3}
rPois   .            h - +2 hat
rElec   +            o - +2 cloak
rCorr   +            n - +0 pair of gloves of Freedom {Contam +Blink Slay+5 SInv}
SInv    +            A - +0 pair of boots {Fly}
Will    +....        x - amulet of faith
Stlth   ++++         d - +6 ring of dexterity
HPRegen 2.06/turn    c - +6 ring of dexterity
MPRegen 0.23/turn

%: faith
@: lethally poisoned (-30 -> -30), about to teleport, heroic, flying, slowed,
constricted, very slow
A: horns 2, retaliatory headbutt, agile 1, regeneration 1
a: Renounce Religion, Evoke Blink, Heroism, Finesse, Duel


You were on level 2 of the Snake Pit.
You worshipped Okawaru.
Okawaru was extremely pleased with you.
You visited 5 branches of the dungeon, and saw 25 of its levels.
You visited the Abyss 1 time.
You also visited: Ossuary and Gauntlet.

You collected 2497 gold pieces.
You spent 2478 gold pieces at shops.


Innate Abilities, Weirdness & Mutations

You have a pair of horns on your head.
You reflexively headbutt those who attack you in melee.
You are agile. (Dex +4, Str/Int -1)
Your natural rate of healing is unusually fast.


   Skills:
 - Level 17.3(22.3) Fighting
 - Level 22.0(27) Ranged Weapons
 - Level 9.0(14.0) Armour
 + Level 15.7(20.7) Dodging
 - Level 1.0 Spellcasting
 - Level 2.0 Hexes
 - Level 10.0 Invocations


You had 17 spell levels left.
You knew the following spells:

 Your Spells              Type           Power      Damage    Failure   Level
a - Slow                  Hex            16%        N/A       21%         1

Your spell library contained the following spells:

 Spells                   Type           Power      Damage    Failure   Level
 Inner Flame              Hex/Fire       2%         N/A       67%         3
 Portal Projectile        Hex/Tloc       4%         N/A       67%         3
 Cause Fear               Hex            2%         N/A       90%         4

Inventory:

Hand Weapons
 y - a +2 triple crossbow of freezing (weapon)
Armour
 h - a +2 hat (worn)
 m - a +0 troll leather armour
 n - the +0 pair of gloves of Freedom (worn) {Contam +Blink Slay+5 SInv}
   (Okawaru gifted it to you on level 15 of the Dungeon)

   Slay:      It affects your accuracy & damage with ranged weapons and melee
   (+5).
   SInv:      It lets you see invisible.
   +Blink:    It lets you blink.
   Contam:    It causes magical contamination when unequipped.
 o - a +2 cloak (worn)
 s - a +2 pair of boots of rampaging
 t - a +1 ring mail of poison resistance
 v - a +0 leather armour of fire resistance
 w - the +0 troll leather armour "Bigyt" (worn) {rElec Regen+ rCorr MP+9 Str-3}
   (Okawaru gifted it to you on level 4 of the Lair of Beasts)

   Str:       It affects your strength (-3).
   rElec:     It insulates you from electricity.
   MP:        It affects your magic capacity (+9).
   Regen:     It increases your rate of health regeneration.
   rCorr:     It protects you from acid and corrosion.
 A - a +0 pair of boots of flying (worn)
Jewellery
 c - a +6 ring of dexterity (right hand)
 d - a +6 ring of dexterity (left hand)
 x - an amulet of faith (around neck)
 B - the ring "Atwutz" {rF+ rC+ Str+2}
   (You found it on level 12 of the Dungeon)

   [ring of protection from cold]

   Str:       It affects your strength (+2).
   rF:        It protects you from fire.
   rC:        It protects you from cold.
 Y - the ring "Kiuplofi" {Wiz *Corrode +Blink rPois rF++}
   (You found it in a Gauntlet)

   [ring of wizardry]

   It improves your spell success rate.
   rF:        It greatly protects you from fire.
   rPois:     It protects you from poison.
   +Blink:    It lets you blink.
   *Corrode:  It may corrode you when you take damage.
Wands
 g - a wand of digging (12)
Scrolls
 e - 17 scrolls of identify
 q - 6 scrolls of teleportation
Potions
 a - 5 potions of might
 b - 4 potions of haste
 f - 4 potions of heal wounds
 i - 5 potions of mutation
 j - 5 potions of enlightenment
 k - 2 potions of resistance
 p - 2 potions of magic
 r - 2 potions of cancellation
 u - 16 potions of curing

Dungeon Overview and Level Annotations

Branches:
Dungeon (15/15)            Temple (1/1) D:7            Lair (5/5) D:11
 Shoals (0/4) Lair:2        Snake (2/4) Lair:2        Slime (0/5) Lair:5
    Orc (2/2) D:10            Elf (0/3) Orc:2        Vaults (0/5) D:13
 Depths (0/4) D:15        Ossuary (visited)         Gauntlet (visited)

Altars:
Ashenzari
Cheibriados
Dithmenos
Elyvilon
Fedhas
Gozag
Hepliaklqana
Kikubaaqudgha
Makhleb
Nemelex Xobeh
Okawaru
Qazlal
Ru
Sif Muna
Trog
Uskayaw
Vehumet
Wu Jian
Xom
Yredelemnul
Zin
The Shining One
Jiyva

Shops:
D:8 [   D:11 !   D:15 *   Orc:1 [(   Orc:2 :(*[   Snake:1 (=[

Portals:
Hell: Lair:5

Annotations:
D:7 1 runed translucent door, Crazy Yiuf
D:14 3 runed translucent doors, Imiczer's ghost, journeyman FoFi
D:15 3 runed translucent doors, ZLogic's ghost, journeyman SpEn
Lair:5 1 runed translucent door


Message History

You feel as though you will be slow longer.
The naga warrior misses you.
The guardian serpent closely misses you.
The salamander misses you. You furiously retaliate!
You headbutt the salamander. The naga warrior closely misses you.
The naga warrior constricts you. The naga misses you.
The naga sharpshooter unwields a +0 trident.
The naga sharpshooter wields a +0 shortbow.
The naga sharpshooter gestures wildly while chanting.
The naga sharpshooter magically shoots an arrow.
The arrow closely misses you.
A naga comes into view. It is wielding a +0 battleaxe.
The naga warrior misses you.
You shoot a bolt. The naga warrior blocks the bolt.
You feel sick.
The guardian serpent completely misses you.
You furiously retaliate!
You headbutt the guardian serpent. The salamander barely misses you.
The naga warrior closely misses you. You furiously retaliate!
You headbutt the naga warrior! The naga warrior constricts you.
The naga completely misses you.
The guardian serpent completely misses you.
The naga sharpshooter shoots an arrow.
The arrow completely misses you.
The arrow hits the naga!!
The naga dies!
The naga warrior hits you with a +0 glaive!!!
A naga warrior comes into view. It is wielding a +0 halberd.
The naga warrior hits you with a +0 trident!!
The naga warrior constricts you. The salamander barely misses you.
The guardian serpent completely misses you.
You furiously retaliate!
You headbutt the guardian serpent!
21664 ||| READING 7 scrolls of teleportation.
As you read the scroll of teleportation, it crumbles to dust.
You feel strangely unstable.
You feel sick.
The guardian serpent completely misses you.
You furiously retaliate!
You headbutt the guardian serpent!
The naga sharpshooter spits poison at you.
The splash of poison misses you.
The naga warrior hits you with a +0 glaive!!!
You die...

............#...#
#.#
................#
###
................#
###....#.##....#
#.......##....#
##.#...##.#..###
##..#....#.#..#
##..NNNN..###..#
#...N@)#...#.#.#
#.....)S##...# .#
#.......###..#
#........ #..#
......%). ###.
.......... )#
.......N.. ##
.........##


You could see 3 naga warriors, a naga sharpshooter (strong, catching breath), a
salamander (strong), a guardian serpent and a naga.

Vanquished Creatures
  Jorgrun (D:15)
  A tentacled starspawn (Abyss:2)
  An ironbound preserver (D:13)
  3 minotaurs
  A dire elephant (Lair:5)
  A blizzard demon (Abyss:2)
  Snorg (D:12)
  Josephine (D:12)
  A great orb of eyes (D:15)
  A rakshasa (D:13)
  7 hydras
  Erolcha (D:12)
  12 centaur warriors
  2 anacondas (Snake:1)
  2 ogre magi (Orc:2)
  A spriggan skeleton (Abyss:2)
  Erica (D:8)
  5 boulder beetles
  6 tengu warriors
  10 two-headed ogres
  A death knight (Abyss:2)
  2 naga sharpshooters (Snake:1)
  3 thrashing horrors (Abyss:2)
  2 vampire magi (Abyss:2)
  10 death yaks
  A naga warrior (Snake:2)
  2 shock serpents
  2 skysharks (Lair:5)
  Nergalle (D:10)
  A deep elf knight (D:15)
  A sun demon (Lair:5)
  A sixfirhy (Abyss:2)
  2 sea snakes (Snake:1)
  2 deep trolls (Orc:2)
  A lindwurm (Lair:4)
  5 wizards
  2 naga ritualists (Snake:1)
  Pikel (D:7)
  2 wolf spider zombies (D:15)
  5 deep elf pyromancers
  2 deep elf zephyrmancers (D:15)
  2 necromancers
  A bunyip skeleton (Abyss:2)
  7 cyclopes
  4 mana vipers (Snake:1)
  21 ugly things
  5 orc sorcerers
  8 manticores
  4 salamanders
  A worldbinder (Abyss:2)
  A guardian serpent (Snake:2)
  12 black mambas
  2 orange demons (Lair:5)
  A water nymph (Lair:2)
  2 gargoyles (D:12)
  13 cane toads
  3 torpor snails
  8 naga magi
  2 smoke demons
  An unseen horror (D:12)
  14 yaktaurs
  2 efreet (D:15)
  6 rime drakes
  3 freezing wraiths
  3 kobold demonologists (D:13)
  3 tengu conjurers
  3 ice devils (Lair:5)
  An ancient zyme (Abyss:2)
  15 komodo dragons
  6 polar bears
  14 trolls
  A queen bee (Lair:1)
  A hornet (D:8)
  A meliai (D:15)
  A polar bear (shapeshifter) (D:14)
  11 dream sheep
  13 blink frogs
  2 large abominations (Abyss:2)
  A raiju (Abyss:2)
  12 slime creatures
  A jumping spider (shapeshifter) (D:14)
  2 ynoxinuls (Abyss:2)
  A water elemental (D:12)
  4 wraiths (D:12)
  55 yaks
  A vampire (D:11)
  8 wyverns
  2 shadows
  A human (shapeshifter) (D:13)
  5 basilisks
  A neqoxec (D:15)
  2 steam dragons
  8 vampire mosquitoes (D:12)
  Menkaure (D:7)
  3 acid dragons
  16 nagas
  3 wargs
  A water moccasin (shapeshifter) (D:15)
  19 water moccasins
  5 hell hounds (Lair:5)
  A meliai simulacrum (D:15)
  Duvessa (D:7)
  13 orc warriors
  2 ice beasts (D:8)
  3 black bears (D:11)
  22 ogres
  16 wolves
  29 centaurs
  2 lemures (D:7)
  2 phantoms
  7 kobold brigands
  7 gnoll sergeants (D:10)
  10 bullfrogs
  5 scorpions
  A small abomination (Abyss:2)
  8 wights
  Dowan (D:7)
  43 killer bees
  6 electric eels
  6 howler monkeys
  4 lava snakes (Lair:2)
  2 quasits (Abyss:2)
  A jelly (D:7)
  8 orc priests
  Jessica (D:2)
  3 iguanas
  15 orc wizards
  Ijyb (D:2)
  A hell rat (Lair:5)
  3 mummies (Ossuary)
  11 gnolls
  7 adders
  4 shadow imps
  6 white imps
  5 ufetubi
  An adder zombie (Ossuary)
  2 worms
  2 dart slugs
  47 orcs
  6 ball pythons
  8 endoplasms
  5 giant cockroaches
  A gnoll zombie (Ossuary)
  20 goblins
  8 hobgoblins
  2 jackals (D:5)
  5 quokkas
  8 bats
  3 frilled lizards
  3 goblin zombies (Ossuary)
  4 hobgoblin zombies (Ossuary)
  14 kobolds
  5 kobold zombies (Ossuary)
  3 quokka zombies (Ossuary)
  2 rats
  A rat zombie (Ossuary)
  A lurking horror (Abyss:2)
866 creatures vanquished.

Vanquished Creatures (others)
  A naga (Snake:2)
  3 starspawn tentacles (Abyss:2)
4 creatures vanquished.

Grand Total: 870 creatures vanquished

Notes
Turn   | Place    | Note
-------+----------+-------------------------------------------
     0 | D:1      | qw the Minotaur Hexslinger began the quest for the Orb.
     0 | D:1      | Reached XP level 1. HP: 16/16 MP: 1/1
     0 | D:1      | 0 ||| qw: Version: 0.3-a-46-gb1f654a
     0 | D:1      | 0 ||| qw: Game counter: 1681
     0 | D:1      | 0 ||| qw: Melee chars always use a shield: true
     0 | D:1      | 0 ||| qw: God list: Okawaru
     0 | D:1      | 0 ||| qw: Allow faded altars: false
     0 | D:1      | 0 ||| qw: Do Orc after clearing Dungeon:15 true
     0 | D:1      | 0 ||| qw: Do second Lair branch before Depths: true
     0 | D:1      | 0 ||| qw: Lair rune preference: random
     0 | D:1      | 0 ||| qw: Goals: Normal
     0 | D:1      | 0 ||| PLANNING D:1-11
   133 | D:1      | Reached skill level 3 in Ranged Weapons
   133 | D:1      | Reached XP level 2. HP: 23/23 MP: 2/2
   763 | D:1      | 763 ||| UPGRADING to +0 pair of boots.
   768 | D:1      | 768 ||| UPGRADING to +1 hat.
   773 | D:1      | 773 ||| UPGRADING to +0 ring mail.
   783 | D:1      | 783 ||| DROPPING +0 robe.
   784 | D:1      | 784 ||| UPGRADING to +5 ring of evasion.
   785 | D:1      | 785 ||| UPGRADING to ring of positive energy.
   786 | D:1      | 786 ||| READING scroll labelled ZOCEAWELIEDA.
   787 | D:1      | 787 ||| READING scroll labelled OFOVED IXAST.
   791 | D:1      | 791 ||| DRINKING 2 red potions.
   792 | D:1      | 792 ||| DROPPING scroll of poison.
   844 | D:2      | Reached XP level 3. HP: 29/29 MP: 3/3
   903 | D:2      | Noticed Jessica
   907 | D:2      | Killed Jessica
   908 | D:2      | Reached skill level 4 in Ranged Weapons
   956 | D:2      | Reached XP level 4. HP: 36/36 MP: 4/4
   985 | D:2      | Reached skill level 1 in Armour
  1062 | D:2      | You fall into a shaft and drop 1 floor!
  1130 | D:3      | 1130 ||| DROPPING amulet of magic regeneration.
  1131 | D:3      | 1131 ||| DROPPING +6 ring of intelligence.
  1132 | D:3      | 1132 ||| READING scroll labelled WENENO SIME.
  1402 | D:3      | 1402 ||| UPGRADING to +0 pair of gloves.
  1407 | D:3      | 1407 ||| UPGRADING to +4 ring of slaying {mikee}.
  1409 | D:3      | 1409 ||| DROPPING ring of positive energy.
  1410 | D:3      | 1410 ||| READING scroll labelled JIETEXKAH OVOPH.
  1411 | D:3      | 1411 ||| DRINKING 2 fuming green potions.
  1412 | D:3      | 1412 ||| DRINKING 2 golden potions.
  1413 | D:3      | 1413 ||| DROPPING potion of degeneration.
  1498 | D:2      | Found a glowing silver altar of Zin.
  1571 | D:2      | Noticed Ijyb
  1584 | D:2      | Killed Ijyb
  1585 | D:2      | Reached skill level 5 in Ranged Weapons
  1690 | D:2      | Reached XP level 5. HP: 41/41 MP: 5/5
  2194 | D:3      | 2194 ||| UPGRADING to +1 pair of boots.
  2204 | D:3      | 2204 ||| DROPPING +0 pair of boots.
  2261 | D:4      | 2261 ||| STAIRDANCE
  2308 | D:4      | 2308 ||| FLEEEEING.
  2316 | D:4      | 2316 ||| FLEEEEING.
  2317 | D:4      | 2317 ||| FLEEEEING.
  2318 | D:4      | 2318 ||| STAIRDANCE
  2344 | D:4      | Reached skill level 3 in Fighting
  2350 | D:4      | 2350 ||| STAIRDANCE
  2352 | D:4      | 2352 ||| STAIRDANCE
  2354 | D:4      | 2354 ||| DRINKING 2 potions of curing.
  2354 | D:4      | 2354 ||| (to cure confusion)
  2395 | D:4      | Reached skill level 6 in Ranged Weapons
  2432 | D:4      | Reached XP level 6. HP: 52/52 MP: 6/6
  2462 | D:4      | Found a hazy altar of Hepliaklqana.
  2529 | D:4      | Found a radiant altar of Vehumet.
  2538 | D:4      | Found a shimmering blue altar of Sif Muna.
  2538 | D:4      | Found an ancient bone altar of Kikubaaqudgha.
  2631 | D:4      | 2631 ||| DRINKING potion of curing.
  2631 | D:4      | 2631 ||| (to cure confusion)
  2677 | D:4      | HP: 12/52 [something/puff of flame (6)]
  2678 | D:4      | 2678 ||| DRINKING potion of heal wounds.
  2688 | D:4      | 2688 ||| FLEEEEING.
  2689 | D:4      | 2689 ||| FLEEEEING.
  2690 | D:4      | 2690 ||| FLEEEEING.
  2691 | D:4      | 2691 ||| FLEEEEING.
  2692 | D:4      | 2692 ||| FLEEEEING.
  2693 | D:4      | 2693 ||| FLEEEEING.
  2694 | D:4      | 2694 ||| FLEEEEING.
  2695 | D:4      | 2695 ||| FLEEEEING.
  2696 | D:4      | 2696 ||| FLEEEEING.
  2697 | D:4      | 2697 ||| FLEEEEING.
  2699 | D:4      | 2699 ||| FLEEEEING.
  2700 | D:4      | 2700 ||| FLEEEEING.
  2701 | D:4      | 2701 ||| FLEEEEING.
  2702 | D:4      | 2702 ||| FLEEEEING.
  2703 | D:4      | 2703 ||| FLEEEEING.
  2704 | D:4      | 2704 ||| FLEEEEING.
  2706 | D:4      | 2706 ||| FLEEEEING.
  2707 | D:4      | 2707 ||| FLEEEEING.
  2708 | D:4      | 2708 ||| FLEEEEING.
  2709 | D:4      | 2709 ||| FLEEEEING.
  2710 | D:4      | 2710 ||| FLEEEEING.
  2711 | D:4      | 2711 ||| FLEEEEING.
  2712 | D:4      | 2712 ||| FLEEEEING.
  2713 | D:4      | 2713 ||| FLEEEEING.
  2714 | D:4      | 2714 ||| FLEEEEING.
  2715 | D:4      | 2715 ||| FLEEEEING.
  2716 | D:4      | 2716 ||| FLEEEEING.
  2717 | D:4      | 2717 ||| FLEEEEING.
  2718 | D:4      | 2718 ||| FLEEEEING.
  2719 | D:4      | 2719 ||| FLEEEEING.
  2720 | D:4      | 2720 ||| FLEEEEING.
  2721 | D:4      | 2721 ||| FLEEEEING.
  2722 | D:4      | 2722 ||| FLEEEEING.
  2723 | D:4      | 2723 ||| FLEEEEING.
  2724 | D:4      | 2724 ||| FLEEEEING.
  2725 | D:4      | 2725 ||| FLEEEEING.
  2726 | D:4      | 2726 ||| FLEEEEING.
  2727 | D:4      | 2727 ||| FLEEEEING.
  2728 | D:4      | 2728 ||| FLEEEEING.
  2729 | D:4      | 2729 ||| STAIRDANCE
  2767 | D:3      | 2767 ||| READING 2 scrolls labelled ROXI JUAMO.
  2857 | D:3      | 2857 ||| READING 2 scrolls of identify.
  2857 | D:3      | 2857 ||| IDENTIFYING cyan potion
  2858 | D:3      | 2858 ||| DROPPING scroll of torment.
  3097 | D:4      | Reached skill level 7 in Ranged Weapons
  3205 | D:4      | 3205 ||| SWAPPING to +0 orcbow.
  3207 | D:4      | 3207 ||| DROPPING +1 sling.
  3229 | D:4      | 3229 ||| UPGRADING to +2 ring mail of cold resistance.
  3239 | D:4      | 3239 ||| DROPPING +0 ring mail.
  3240 | D:4      | 3240 ||| DRINKING 2 puce potions.
  3241 | D:4      | 3241 ||| DROPPING potion of attraction.
  3263 | D:5      | Entered Level 5 of the Dungeon
  3281 | D:5      | Reached XP level 7. HP: 59/59 MP: 7/7
  3495 | D:5      | Reached skill level 8 in Ranged Weapons
  3800 | D:5      | 3800 ||| DROPPING ring of resist corrosion.
  3801 | D:5      | 3801 ||| DRINKING 2 yellow potions.
  3801 | D:5      | Gained mutation: You are frail. (-10% HP) [potion of
                  | mutation]
  3801 | D:5      | Gained mutation: Your mind is acute. (Int +4, Str/Dex -1)
                  | [potion of mutation]
  3802 | D:5      | 3802 ||| DRINKING potion of mutation.
  3802 | D:5      | Lost mutation: You are frail. (-10% HP) [potion of
                  | mutation]
  3802 | D:5      | Lost mutation: Your mind is acute. (Int +4, Str/Dex -1)
                  | [potion of mutation]
  3802 | D:5      | Gained mutation: Your natural rate of healing is unusually
                  | fast. [potion of mutation]
  3802 | D:5      | Gained mutation: You are agile. (Dex +4, Str/Int -1)
                  | [potion of mutation]
  3840 | D:6      | 3840 ||| PLANNING OSSUARY
  3877 | D:6      | Identified the +7 mace of Ludwiso {heavy, Str+4 Dex-4 SInv
                  | Stlth+}
  3972 | D:6      | Reached skill level 3 in Dodging
  4047 | D:6      | Found a sand-covered staircase.
  4048 | D:6      | 4048 ||| DRINKING 2 murky white potions.
  4052 | D:6      | 4052 ||| DRINKING 2 fuming silvery potions.
  4053 | D:6      | 4053 ||| DROPPING potion of ambrosia.
  4062 | Ossuary  | Entered an ossuary
  4211 | Ossuary  | 4211 ||| READING scroll labelled GUAKKY EZOMUBB.
  4212 | Ossuary  | 4212 ||| READING scroll labelled XAOPTO UTSESADAX.
  4213 | Ossuary  | 4213 ||| READING 3 scrolls of identify.
  4213 | Ossuary  | 4213 ||| IDENTIFYING bubbling amethyst potion
  4214 | Ossuary  | 4214 ||| READING 2 scrolls of identify.
  4214 | Ossuary  | 4214 ||| IDENTIFYING lumpy coppery potion
  4215 | Ossuary  | 4215 ||| DROPPING potion of brilliance.
  4220 | D:6      | 4220 ||| PLANNING D:1-11
  4247 | D:6      | Reached XP level 8. HP: 68/68 MP: 8/8
  4477 | D:6      | Reached skill level 9 in Ranged Weapons
  4563 | D:6      | 4563 ||| READING scroll labelled ECYIGA CEUSS.
  4564 | D:6      | 4564 ||| READING scroll labelled AMERAM KEUMO.
  4564 | D:6      | Identified a scroll of acquirement
  4564 | D:6      | 4564 ||| ACQUIRING +1 antimagic arbalest
  4564 | D:6      | Acquired a +1 antimagic arbalest
  4566 | D:6      | 4566 ||| SWAPPING to +1 antimagic arbalest.
  4567 | D:6      | 4567 ||| DROPPING +0 orcbow.
  4642 | D:7      | Reached skill level 6 in Fighting
  4661 | D:7      | Reached skill level 10 in Ranged Weapons
  4670 | D:7      | Reached skill level 3 in Armour
  4715 | D:7      | 4715 ||| FLEEEEING.
  4815 | D:7      | Noticed Menkaure
  4816 | D:7      | Killed Menkaure
  4853 | D:7      | Noticed Duvessa
  4853 | D:7      | Noticed Dowan
  4859 | D:7      | Killed Duvessa
  4861 | D:7      | Killed Dowan
  4862 | D:7      | Reached XP level 9. HP: 78/78 MP: 3/9
  4904 | D:7      | Found a staircase to the Ecumenical Temple.
  4905 | D:7      | 4905 ||| PLANNING TEMPLE
  4913 | Temple   | Entered the Ecumenical Temple
  4914 | Temple   | 4914 ||| PLANNING OKAWARU WORSHIP
  4950 | Temple   | Became a worshipper of Warmaster Okawaru
  4951 | Temple   | 4951 ||| PLANNING D:1-11
  5031 | D:7      | 5031 ||| SWAPPING to +0 shortbow.
  5199 | D:7      | Noticed Pikel
  5220 | D:7      | Killed Pikel
  5221 | D:7      | Reached skill level 11 in Ranged Weapons
  5406 | D:7      | Identified the +0 leather armour "Aras" {Str+2 Int+5 Dex+3
                  | Stlth-}
  5442 | D:7      | Reached * piety under Okawaru
  5478 | D:7      | Found a runed translucent door.
  5479 | D:7      | Noticed Crazy Yiuf
  5584 | D:7      | 5584 ||| READING 2 scrolls of identify.
  5584 | D:7      | 5584 ||| IDENTIFYING amethyst potion
  5608 | D:8      | 5608 ||| INVOKING Heroism.
  5609 | D:8      | 5609 ||| INVOKING Heroism.
  5643 | D:8      | Reached skill level 1 in Invocations
  5657 | D:8      | Found Edovit's Armour Emporium.
  5665 | D:8      | 5665 ||| BUYING +2 pair of boots of rampaging (258 gold).
  5665 | D:8      | Bought a +2 pair of boots of rampaging for 258 gold pieces
  5690 | D:8      | 5690 ||| INVOKING Heroism.
  5694 | D:8      | Reached skill level 12 in Ranged Weapons
  5714 | D:8      | Found a bloodstained altar of Trog.
  5714 | D:8      | Found a hide-covered altar of Uskayaw.
  5716 | D:8      | 5716 ||| UPGRADING to +2 pair of boots of rampaging.
  5726 | D:8      | 5726 ||| DROPPING +1 pair of boots.
  5774 | D:8      | Noticed a boulder beetle
  5775 | D:8      | 5775 ||| INVOKING Heroism.
  5804 | D:8      | Killed a boulder beetle
  5861 | D:8      | Reached XP level 10. HP: 90/90 MP: 10/10
  5870 | D:8      | Found an ornate altar of the Wu Jian Council.
  5928 | D:8      | 5928 ||| INVOKING Heroism.
  5931 | D:8      | 5931 ||| Stepping ~*~*~tactically~*~*~ (cloud).
  5940 | D:8      | Noticed Erica
  5951 | D:8      | Paralysed by something for 2 turns
  5959 | D:8      | HP: 21/90 [something/lance of force (22)]
  5965 | D:8      | Killed Erica
  5966 | D:8      | Reached skill level 3 in Invocations
  6083 | D:8      | Reached ** piety under Okawaru
  6152 | D:7      | Noticed a rust devil
  6152 | D:7      | Noticed a rust devil
  6153 | D:7      | 6153 ||| INVOKING Heroism.
  6163 | D:7      | 6163 ||| READING 6 scrolls of teleportation.
  6422 | D:8      | 6422 ||| DROPPING ring of wizardry.
  6461 | D:9      | Paralysed by a hornet for 2 turns
  6464 | D:9      | 6464 ||| STAIRDANCE
  6466 | D:8      | 6466 ||| INVOKING Heroism.
  6525 | D:9      | Found a glowing silver altar of Zin.
  6532 | D:9      | Found a shadowy altar of Dithmenos.
  6536 | D:9      | Found a blossoming altar of Fedhas.
  6593 | D:9      | 6593 ||| INVOKING Heroism.
  6600 | D:9      | Noticed a cyclops
  6611 | D:9      | Reached skill level 13 in Ranged Weapons
  6618 | D:9      | 6618 ||| INVOKING Heroism.
  6623 | D:9      | Killed a cyclops
  6624 | D:9      | Reached skill level 6 in Dodging
  6684 | D:9      | 6684 ||| FLEEEEING.
  6685 | D:9      | 6685 ||| FLEEEEING.
  6686 | D:9      | 6686 ||| FLEEEEING.
  6687 | D:9      | 6687 ||| FLEEEEING.
  6697 | D:9      | 6697 ||| FLEEEEING.
  6698 | D:9      | 6698 ||| FLEEEEING.
  6755 | D:9      | Found a sacrificial altar of Ru.
  6803 | D:9      | Reached skill level 9 in Fighting
  6896 | D:9      | 6896 ||| SWAPPING to +0 orcbow.
  6897 | D:9      | 6897 ||| DROPPING +0 shortbow.
  6959 | D:9      | Found an opulent altar of Gozag.
  6960 | D:9      | Found a burning altar of Makhleb.
  7033 | D:9      | 7033 ||| INVOKING Heroism.
  7076 | D:9      | Reached skill level 14 in Ranged Weapons
  7152 | D:9      | 7152 ||| Stepping ~*~*~tactically~*~*~ (outnumbered).
  7243 | D:9      | 7243 ||| INVOKING Heroism.
  7289 | D:9      | 7289 ||| UPGRADING to +0 cloak.
  7294 | D:9      | 7294 ||| UPGRADING to ring of poison resistance.
  7296 | D:9      | 7296 ||| DROPPING ring of flight.
  7297 | D:9      | 7297 ||| READING scroll labelled YXKYTS FUEG.
  7309 | D:10     | Entered Level 10 of the Dungeon
  7352 | D:10     | Found a staircase to the Orcish Mines.
  7353 | D:10     | 7353 ||| INVOKING Heroism.
  7358 | D:10     | 7358 ||| Stepping ~*~*~tactically~*~*~ (outnumbered).
  7359 | D:10     | 7359 ||| Stepping ~*~*~tactically~*~*~ (outnumbered).
  7369 | D:10     | Reached XP level 11. HP: 99/99 MP: 11/13
  7375 | D:10     | 7375 ||| Stepping ~*~*~tactically~*~*~ (outnumbered).
  7396 | D:10     | 7396 ||| INVOKING Heroism.
  7427 | D:10     | Reached *** piety under Okawaru
  7542 | D:10     | 7542 ||| READING scroll of enchant armour.
  7542 | D:10     | 7542 ||| ENCHANTING +0 pair of gloves.
  7677 | D:10     | 7677 ||| INVOKING Heroism.
  7759 | D:10     | Found a snail-covered altar of Cheibriados.
  7873 | D:10     | Noticed Nergalle
  7874 | D:10     | 7874 ||| INVOKING Heroism.
  7890 | D:10     | Killed Nergalle
  8018 | D:10     | Found a broken altar of Ashenzari.
  8265 | D:10     | 8265 ||| READING scroll labelled KUNOOS CE HAO.
  8359 | D:11     | Noticed a tengu warrior
  8360 | D:11     | 8360 ||| INVOKING Heroism.
  8391 | D:11     | Killed a tengu warrior
  8393 | D:11     | 8393 ||| INVOKING Heroism.
  8516 | D:11     | Noticed a two-headed ogre
  8517 | D:11     | 8517 ||| INVOKING Heroism.
  8536 | D:11     | Killed a two-headed ogre
  8537 | D:11     | Reached skill level 15 in Ranged Weapons
  8558 | D:11     | Found a staircase to the Lair.
  8588 | D:11     | 8588 ||| INVOKING Heroism.
  8593 | D:11     | Reached skill level 6 in Armour
  8593 | D:11     | 8593 ||| Stepping ~*~*~tactically~*~*~ (outnumbered).
  8594 | D:11     | 8594 ||| Stepping ~*~*~tactically~*~*~ (outnumbered).
  8608 | D:11     | 8608 ||| Stepping ~*~*~tactically~*~*~ (outnumbered).
  8654 | D:11     | Reached **** piety under Okawaru
  8671 | D:11     | 8671 ||| INVOKING Heroism.
  8721 | D:11     | 8721 ||| INVOKING Heroism.
  8891 | D:11     | 8891 ||| DRINKING 5 potions of curing.
  8891 | D:11     | 8891 ||| (to cure confusion)
  8962 | D:11     | Found Wir Geta's Distillery.
  8970 | D:11     | 8970 ||| BUYING potion of curing (36 gold).
  8970 | D:11     | Bought a potion of curing for 36 gold pieces
  8970 | D:11     | 8970 ||| BUYING potion of curing (36 gold).
  8970 | D:11     | Bought a potion of curing for 36 gold pieces
  8970 | D:11     | 8970 ||| BUYING potion of haste (120 gold).
  8970 | D:11     | Bought a potion of haste for 120 gold pieces
  9102 | D:11     | 9102 ||| PLANNING LAIR
  9128 | Lair:1   | Entered Level 1 of the Lair of Beasts
  9137 | Lair:1   | 9137 ||| INVOKING Heroism.
  9170 | Lair:1   | 9170 ||| INVOKING Heroism.
  9210 | Lair:1   | 9210 ||| INVOKING Heroism.
  9219 | Lair:1   | Reached skill level 16 in Ranged Weapons
  9219 | Lair:1   | Reached XP level 12. HP: 106/106 MP: 11/14
  9325 | Lair:1   | 9325 ||| READING scroll of enchant armour.
  9325 | Lair:1   | 9325 ||| ENCHANTING +1 pair of gloves.
  9411 | Lair:1   | 9411 ||| INVOKING Heroism.
  9452 | Lair:1   | Reached skill level 6 in Invocations
  9608 | Lair:1   | 9608 ||| INVOKING Heroism.
 10113 | Lair:2   | 10113 ||| INVOKING Heroism.
 10206 | Lair:2   | Noticed a boulder beetle
 10208 | Lair:2   | 10208 ||| INVOKING Heroism.
 10233 | Lair:2   | Killed a boulder beetle
 10233 | Lair:2   | Reached ***** piety under Okawaru
 10273 | Lair:2   | Found a staircase to the Snake Pit.
 10274 | Lair:2   | 10274 ||| Stepping ~*~*~tactically~*~*~ (outnumbered).
 10277 | Lair:2   | 10277 ||| Stepping ~*~*~tactically~*~*~ (outnumbered).
 10292 | Lair:2   | 10292 ||| INVOKING Heroism.
 10299 | Lair:2   | Noticed a six-headed hydra
 10314 | Lair:2   | Killed a six-headed hydra
 10438 | Lair:2   | Reached skill level 9 in Dodging
 10502 | Lair:2   | 10502 ||| INVOKING Heroism.
 10575 | Lair:2   | 10575 ||| READING scroll of enchant armour.
 10575 | Lair:2   | 10575 ||| ENCHANTING +1 hat.
 10608 | Lair:2   | 10608 ||| INVOKING Heroism.
 10622 | Lair:2   | 10622 ||| INVOKING Heroism.
 10644 | Lair:2   | Received a gift from Okawaru
 11069 | Lair:2   | 11069 ||| READING scroll labelled FYNO VAYTITZ.
 11264 | Lair:3   | 11264 ||| INVOKING Heroism.
 11284 | Lair:3   | Reached skill level 9 in Invocations
 11345 | Lair:3   | 11345 ||| INVOKING Heroism.
 11496 | Lair:3   | Reached skill level 12 in Fighting
 11496 | Lair:3   | Reached XP level 13. HP: 118/118 MP: 18/18
 11540 | Lair:3   | 11540 ||| INVOKING Heroism.
 11662 | Lair:3   | 11662 ||| INVOKING Heroism.
 12317 | Lair:4   | 12317 ||| INVOKING Heroism.
 12360 | Lair:4   | 12360 ||| INVOKING Heroism.
 12368 | Lair:4   | 12368 ||| Stepping ~*~*~tactically~*~*~ (outnumbered).
 12381 | Lair:4   | Identified the +0 troll leather armour "Bigyt" {rElec
                  | Regen+ rCorr MP+9 Str-3} (Okawaru gifted it to you on level
                  | 4 of the Lair of Beasts)
 12381 | Lair:4   | Received a gift from Okawaru
 12450 | Lair:4   | 12450 ||| INVOKING Heroism.
 12453 | Lair:4   | 12453 ||| INVOKING Finesse.
 12626 | Lair:4   | 12626 ||| INVOKING Heroism.
 12794 | Lair:4   | 12794 ||| INVOKING Heroism.
 12856 | Lair:4   | 12856 ||| INVOKING Heroism.
 12863 | Lair:4   | Reached skill level 9 in Armour
 13254 | Lair:4   | 13254 ||| DROPPING +0 leather armour "Aras" {Str+2 Int+5
                  | Dex+3 Stlth-}.
 13255 | Lair:4   | 13255 ||| UPGRADING to +0 troll leather armour "Bigyt"
                  | {rElec Regen+ rCorr MP+9 Str-3}.
 13265 | Lair:4   | 13265 ||| SWAPPING to +1 antimagic arbalest.
 13266 | Lair:4   | 13266 ||| DROPPING +0 orcbow.
 13267 | Lair:4   | 13267 ||| DROPPING ring of see invisible.
 13268 | Lair:4   | 13268 ||| READING 9 scrolls of identify.
 13268 | Lair:4   | 13268 ||| IDENTIFYING fuming emerald potion
 13269 | Lair:4   | 13269 ||| DROPPING potion of lignification.
 13290 | Lair:5   | Entered Level 5 of the Lair of Beasts
 13291 | Lair:5   | 13291 ||| INVOKING Heroism.
 13313 | Lair:5   | 13313 ||| STAIRDANCE
 13315 | Lair:4   | 13315 ||| INVOKING Heroism.
 13320 | Lair:4   | HP: 30/124 [eight-headed hydra (4)]
 13321 | Lair:4   | 13321 ||| READING 8 scrolls of teleportation.
 13322 | Lair:4   | 13322 ||| DRINKING potion of heal wounds.
 13450 | Lair:5   | 13450 ||| INVOKING Heroism.
 13474 | Lair:5   | Noticed a dire elephant
 13483 | Lair:5   | Killed a dire elephant
 13549 | Lair:5   | 13549 ||| INVOKING Heroism.
 13590 | Lair:5   | Reached XP level 14. HP: 132/132 MP: 9/20
 13597 | Lair:5   | Found a burning altar of Makhleb.
 13598 | Lair:5   | 13598 ||| Stepping ~*~*~tactically~*~*~ (outnumbered).
 13599 | Lair:5   | 13599 ||| Stepping ~*~*~tactically~*~*~ (outnumbered).
 13608 | Lair:5   | 13608 ||| Stepping ~*~*~tactically~*~*~ (outnumbered).
 13614 | Lair:5   | 13614 ||| Stepping ~*~*~tactically~*~*~ (outnumbered).
 13621 | Lair:5   | 13621 ||| INVOKING Heroism.
 13627 | Lair:5   | Reached skill level 17 in Ranged Weapons
 13660 | Lair:5   | Found a gateway to Hell.
 13825 | Lair:5   | 13825 ||| INVOKING Heroism.
 13828 | Lair:5   | 13828 ||| INVOKING Finesse.
 13869 | Lair:5   | 13869 ||| INVOKING Heroism.
 13895 | Lair:5   | Reached skill level 18 in Ranged Weapons
 13948 | Lair:5   | 13948 ||| FLEEEEING.
 13949 | Lair:5   | 13949 ||| FLEEEEING.
 13950 | Lair:5   | 13950 ||| FLEEEEING.
 13951 | Lair:5   | 13951 ||| FLEEEEING.
 13952 | Lair:5   | 13952 ||| FLEEEEING.
 14062 | Lair:5   | 14062 ||| INVOKING Heroism.
 14181 | Lair:5   | Found a runed translucent door.
 14185 | Lair:5   | Found a viscous altar of Jiyva.
 14185 | Lair:5   | Found a staircase to the Slime Pits.
 14346 | Lair:5   | 14346 ||| PLANNING D
 14346 | Lair:5   | 14346 ||| DRINKING 2 metallic ruby potions.
 14480 | D:12     | 14480 ||| PLANNING GAUNTLET
 14560 | D:12     | Found a gate leading to a gauntlet.
 14560 | D:12     | Noticed Snorg
 14561 | D:12     | 14561 ||| INVOKING Heroism.
 14562 | D:12     | 14562 ||| INVOKING Finesse.
 14571 | D:12     | Killed Snorg
 14637 | Gauntlet | Entered a Gauntlet
 14637 | Gauntlet | Found a transporter.
 14637 | Gauntlet | Found a transporter.
 14646 | Gauntlet | Found a transporter.
 14649 | Gauntlet | Found a transporter.
 14660 | Gauntlet | Found a transporter.
 14661 | Gauntlet | Found a transporter.
 14665 | Gauntlet | Found a runed translucent door.
 14665 | Gauntlet | Found a runed translucent door.
 14669 | Gauntlet | Found a transporter.
 14686 | Gauntlet | Found a transporter.
 14700 | Gauntlet | Found a transporter.
 14704 | Gauntlet | Found a transporter.
 14715 | Gauntlet | Found a transporter.
 14716 | Gauntlet | Found a transporter.
 14759 | Gauntlet | 14759 ||| INVOKING Heroism.
 14780 | Gauntlet | Identified the +0 robe "Lixtepal" {rElec}
 14784 | Gauntlet | 14784 ||| READING scroll of enchant armour.
 14784 | Gauntlet | 14784 ||| ENCHANTING +0 cloak.
 14785 | Gauntlet | 14785 ||| DROPPING +0 robe "Lixtepal" {rElec}.
 14840 | Gauntlet | 14840 ||| DROPPING +2 robe of willpower.
 14871 | Gauntlet | 14871 ||| Stepping ~*~*~tactically~*~*~ (outnumbered).
 14888 | Gauntlet | Identified the ring "Kiuplofi" {Wiz *Corrode +Blink rPois
                  | rF++}
 14890 | Gauntlet | 14890 ||| UPGRADING to amulet of faith.
 14895 | Gauntlet | 14895 ||| UPGRADING to ring "Kiuplofi" {Wiz *Corrode +Blink
                  | rPois rF++}.
 14932 | Gauntlet | 14932 ||| INVOKING Heroism.
 14959 | Gauntlet | 14959 ||| SWAPPING to +5 arbalest.
 15055 | Gauntlet | 15055 ||| DROPPING +1 antimagic arbalest.
 15060 | Gauntlet | 15060 ||| DROPPING +5 orcbow.
 15061 | Gauntlet | 15061 ||| DROPPING +4 orcbow of freezing.
 15103 | Gauntlet | 15103 ||| READING scroll labelled BIMUTE PYPTYM.
 15217 | D:12     | 15217 ||| PLANNING D
 15247 | D:12     | Reached skill level 12 in Dodging
 15387 | D:12     | 15387 ||| INVOKING Heroism.
 15388 | D:12     | Noticed Erolcha
 15399 | D:12     | Killed Erolcha
 15400 | D:12     | 15400 ||| INVOKING Finesse.
 15416 | D:12     | 15416 ||| INVOKING Heroism.
 15428 | D:12     | Reached skill level 15 in Fighting
 15805 | D:12     | Noticed Josephine
 15819 | D:12     | 15819 ||| INVOKING Heroism.
 15822 | D:12     | Killed Josephine
 15822 | D:12     | Received a gift from Okawaru
 15890 | D:12     | 15890 ||| SWAPPING to +8 longbow.
 15891 | D:12     | 15891 ||| INVOKING Heroism.
 15892 | D:12     | 15892 ||| INVOKING Finesse.
 15935 | D:12     | 15935 ||| DROPPING +5 arbalest.
 15986 | D:12     | 15986 ||| INVOKING Heroism.
 15996 | D:12     | Reached XP level 15. HP: 102/137 MP: 21/21
 16046 | D:12     | Identified the ring "Atwutz" {rF+ rC+ Str+2}
 16067 | D:12     | 16067 ||| INVOKING Heroism.
 16186 | D:12     | 16186 ||| DROPPING +2 ring mail of cold resistance.
 16187 | D:12     | 16187 ||| DROPPING amulet of guardian spirit.
 16262 | D:13     | 16262 ||| Stepping ~*~*~tactically~*~*~ (outnumbered).
 16276 | D:13     | 16276 ||| INVOKING Heroism.
 16282 | D:13     | Reached skill level 19 in Ranged Weapons
 16294 | D:13     | HP: 32/141 [tengu warrior/+0 bardiche (6)]
 16295 | D:13     | 16295 ||| READING 8 scrolls of teleportation.
 16295 | D:13     | HP: 11/141 [ironbound preserver/+0 dire flail (23)]
 16296 | D:13     | 16296 ||| DRINKING potion of heal wounds.
 16299 | D:13     | Found a gate to the Vaults.
 16321 | D:13     | Received a gift from Okawaru
 16330 | D:13     | 16330 ||| INVOKING Heroism.
 16533 | D:13     | 16533 ||| INVOKING Heroism.
 16545 | D:13     | 16545 ||| Stepping ~*~*~tactically~*~*~ (outnumbered).
 16547 | D:13     | 16547 ||| Stepping ~*~*~tactically~*~*~ (outnumbered).
 16549 | D:13     | 16549 ||| Stepping ~*~*~tactically~*~*~ (outnumbered).
 16788 | D:13     | 16788 ||| UPGRADING to +6 ring of dexterity.
 16790 | D:13     | 16790 ||| DROPPING ring of fire.
 16791 | D:13     | 16791 ||| DROPPING +4 ring of slaying {mikee}.
 16792 | D:13     | 16792 ||| DROPPING ring of poison resistance.
 16881 | D:14     | Reached skill level 20 in Ranged Weapons
 16885 | D:14     | 16885 ||| INVOKING Heroism.
 16931 | D:14     | Identified the +9 chain mail of Optimism {Str-2 Int+5}
 16994 | D:14     | 16994 ||| INVOKING Heroism.
 17079 | D:14     | Found a runed translucent gate.
 17080 | D:14     | Found a runed translucent gate.
 17081 | D:14     | Found a runed translucent gate.
 17082 | D:14     | Found an opulent altar of Gozag.
 17745 | D:14     | Noticed Imiczer's ghost (journeyman FoFi)
 17747 | D:14     | 17747 ||| READING scroll labelled ZEEBIX GAONA.
 17762 | D:15     | Entered Level 15 of the Dungeon
 17773 | D:15     | Identified the +0 pair of gloves of Freedom {Contam +Blink
                  | Slay+5 SInv} (Okawaru gifted it to you on level 15 of the
                  | Dungeon)
 17773 | D:15     | Received a gift from Okawaru
 17805 | D:15     | 17805 ||| Stepping ~*~*~tactically~*~*~ (outnumbered).
 17808 | D:15     | 17808 ||| INVOKING Heroism.
 17815 | D:15     | 17815 ||| Stepping ~*~*~tactically~*~*~ (outnumbered).
 17856 | D:15     | 17856 ||| Stepping ~*~*~tactically~*~*~ (outnumbered).
 17857 | D:15     | Noticed Jorgrun
 17858 | D:15     | 17858 ||| Stepping ~*~*~tactically~*~*~ (outnumbered).
 17860 | D:15     | 17860 ||| Stepping ~*~*~tactically~*~*~ (outnumbered).
 17861 | D:15     | 17861 ||| INVOKING Heroism.
 17862 | D:15     | 17862 ||| INVOKING Finesse.
 17867 | D:15     | Killed Jorgrun
 17875 | D:15     | Reached skill level 15 in Dodging
 17913 | D:15     | 17913 ||| Stepping ~*~*~tactically~*~*~ (outnumbered).
 17937 | D:15     | 17937 ||| Stepping ~*~*~tactically~*~*~ (outnumbered).
 17959 | D:15     | 17959 ||| FLEEEEING.
 18098 | D:15     | Found Uqouramm's General Store.
 18103 | D:15     | 18103 ||| BUYING +0 pair of boots of flying (172 gold).
 18103 | D:15     | Bought a +0 pair of boots of flying for 172 gold pieces
 18103 | D:15     | 18103 ||| BUYING scroll of enchant weapon (112 gold).
 18103 | D:15     | Bought a scroll of enchant weapon for 112 gold pieces
 18103 | D:15     | 18103 ||| READING scroll of enchant weapon.
 18103 | D:15     | 18103 ||| ENCHANTING +8 longbow.
 18109 | D:15     | Found a runed translucent gate.
 18109 | D:15     | Found a runed translucent gate.
 18112 | D:15     | Found a runed translucent gate.
 18137 | D:15     | Noticed ZLogic's ghost (journeyman SpEn)
 18167 | D:15     | Reached XP level 16. HP: 106/151 MP: 22/22
 18174 | Abyss:2  | Found a corrupted altar of Lugonu.
 18174 | Abyss:2  | Cast into level 2 of the Abyss (a wizard)
 18241 | Abyss:2  | 18241 ||| Stepping ~*~*~tactically~*~*~ (cloud).
 18261 | Abyss:2  | Noticed a tentacled starspawn
 18268 | Abyss:2  | Killed a tentacled starspawn
 18268 | Abyss:2  | Identified the +6 longbow "Poavourch" {flame, Drain rC+++
                  | Dex-5 SInv} (Okawaru gifted it to you on level 2 of the
                  | Abyss)
 18268 | Abyss:2  | Received a gift from Okawaru
 18270 | Abyss:2  | 18270 ||| SWAPPING to +6 longbow "Poavourch" {flame, Drain
                  | rC+++ Dex-5 SInv}.
 18362 | Abyss:2  | Reached ****** piety under Okawaru
 18414 | Abyss:2  | Found a corrupted altar of Lugonu.
 18463 | Abyss:2  | 18463 ||| Stepping ~*~*~tactically~*~*~ (outnumbered).
 18509 | Abyss:2  | 18509 ||| Stepping ~*~*~tactically~*~*~ (outnumbered).
 18606 | Abyss:2  | 18606 ||| Stepping ~*~*~tactically~*~*~ (outnumbered).
 18615 | D:15     | Escaped the Abyss
 18661 | D:15     | 18661 ||| READING scroll of enchant armour.
 18661 | D:15     | 18661 ||| ENCHANTING +1 cloak.
 18677 | D:15     | 18677 ||| Stepping ~*~*~tactically~*~*~ (outnumbered).
 18678 | D:15     | 18678 ||| Stepping ~*~*~tactically~*~*~ (outnumbered).
 18679 | D:15     | 18679 ||| Stepping ~*~*~tactically~*~*~ (outnumbered).
 18711 | D:15     | 18711 ||| INVOKING Heroism.
 18712 | D:15     | Received a gift from Okawaru
 18722 | D:15     | 18722 ||| SWAPPING to +1 triple crossbow of flaming.
 18723 | D:15     | 18723 ||| DROPPING +6 longbow "Poavourch" {flame, Drain
                  | rC+++ Dex-5 SInv}.
 18724 | D:15     | 18724 ||| DROPPING +9 longbow.
 18744 | D:15     | Found a staircase to the Depths.
 18884 | D:15     | 18884 ||| READING scroll of enchant weapon.
 18884 | D:15     | 18884 ||| ENCHANTING +1 triple crossbow of flaming.
 18975 | D:15     | 18975 ||| PLANNING ORC
 18975 | D:15     | 18975 ||| UPGRADING to +0 pair of gloves of Freedom {Contam
                  | +Blink Slay+5 SInv}.
 18985 | D:15     | 18985 ||| DROPPING +2 pair of gloves.
 18986 | D:15     | 18986 ||| DROPPING +1 pair of gloves of strength.
 18987 | D:15     | 18987 ||| UPGRADING to +0 pair of boots of flying.
 18997 | D:15     | 18997 ||| READING scroll labelled GOECRI VIRPHAXU.
 18998 | D:15     | 18998 ||| DRINKING 2 clear potions.
 19106 | D:15     | 19106 ||| DROPPING potion of berserk rage.
 19240 | Orc:1    | Entered Level 1 of the Orcish Mines
 19244 | Orc:1    | You are sucked into a shaft and drop 1 floor!
 19244 | Orc:2    | Entered Level 2 of the Orcish Mines
 19253 | Orc:2    | 19253 ||| INVOKING Heroism.
 19263 | Orc:1    | Found Ufahess's Firing Range.
 19440 | Orc:1    | Found Fubrioku's Antique Armour Shop.
 19492 | Orc:1    | 19492 ||| BUYING dazzling leather armour (189 gold).
 19492 | Orc:1    | Bought a dazzling leather armour for 189 gold pieces
 19492 | Orc:1    | Identified the +0 leather armour "Jeiki" {Str+2 Int+2} (You
                  | bought it in a shop on level 1 of the Orcish Mines)
 19492 | Orc:1    | 19492 ||| BUYING shiny ring mail (189 gold).
 19492 | Orc:1    | Bought a shiny ring mail for 189 gold pieces
 19562 | Orc:1    | 19562 ||| DROPPING +0 leather armour "Jeiki" {Str+2 Int+2}.
 19596 | Orc:2    | 19596 ||| INVOKING Heroism.
 19636 | Orc:2    | 19636 ||| INVOKING Heroism.
 19637 | Orc:2    | Paralysed by an orc sorcerer for 3 turns
 19738 | Orc:2    | Found Zasat's Assorted Antiques.
 19745 | Orc:2    | Found Dausm's Book Shoppe.
 19747 | Orc:2    | 19747 ||| INVOKING Heroism.
 19754 | Orc:2    | 19754 ||| Stepping ~*~*~tactically~*~*~ (outnumbered).
 19756 | Orc:2    | 19756 ||| Stepping ~*~*~tactically~*~*~ (outnumbered).
 19762 | Orc:2    | Received a gift from Okawaru
 19792 | Orc:2    | Reached skill level 21 in Ranged Weapons
 19800 | Orc:2    | 19800 ||| INVOKING Heroism.
 19843 | Orc:2    | Found Tifyfig's Antique Weapon Shoppe.
 19853 | Orc:2    | Found Hourph's Antique Armour Emporium.
 19857 | Orc:2    | 19857 ||| BUYING 2 potions of heal wounds (250 gold).
 19857 | Orc:2    | Bought 2 potions of heal wounds for 250 gold pieces
 19862 | Orc:2    | 19862 ||| BUYING embroidered robe (85 gold).
 19862 | Orc:2    | Bought an embroidered robe for 85 gold pieces
 20020 | Orc:2    | Found a staircase to the Elven Halls.
 20202 | Orc:2    | 20202 ||| PLANNING SNAKE:1-3
 20202 | Orc:2    | 20202 ||| DROPPING +1 robe of positive energy.
 20361 | Lair:2   | 20361 ||| PLANNING LAIR
 20361 | Lair:2   | 20361 ||| PLANNING SNAKE:1-3
 20374 | Lair:2   | 20374 ||| Stepping randomly (stuck).
 20387 | Snake:1  | Entered Level 1 of the Snake Pit
 20394 | Snake:1  | 20394 ||| STAIRDANCE
 20459 | Snake:1  | 20459 ||| Stepping ~*~*~tactically~*~*~ (outnumbered).
 20462 | Snake:1  | 20462 ||| INVOKING Heroism.
 20464 | Snake:1  | 20464 ||| Stepping ~*~*~tactically~*~*~ (outnumbered).
 20468 | Snake:1  | 20468 ||| Stepping ~*~*~tactically~*~*~ (outnumbered).
 20590 | Snake:1  | Found Jual's Antique Weapon Emporium.
 20686 | Snake:1  | Received a gift from Okawaru
 20826 | Snake:1  | Found Pidwabof's Armour Emporium.
 20864 | Snake:1  | 20864 ||| INVOKING Heroism.
 20979 | Snake:1  | Reached skill level 22 in Ranged Weapons
 21294 | Snake:1  | Found Qoetoa's Jewellery Shoppe.
 21303 | Snake:1  | 21303 ||| BUYING +6 ring of dexterity (504 gold).
 21303 | Snake:1  | Bought a +6 ring of dexterity for 504 gold pieces
 21508 | Snake:1  | 21508 ||| UPGRADING to +6 ring of dexterity.
 21510 | Snake:1  | 21510 ||| DROPPING +5 ring of evasion.
 21539 | Snake:2  | 21539 ||| STAIRDANCE
 21618 | Snake:2  | Found Cusmyduk's Distillery.
 21624 | Snake:2  | 21624 ||| BUYING 2 potions of curing (102 gold).
 21624 | Snake:2  | Bought 2 potions of curing for 102 gold pieces
 21624 | Snake:2  | 21624 ||| BUYING potion of curing (51 gold).
 21624 | Snake:2  | Bought a potion of curing for 51 gold pieces
 21624 | Snake:2  | 21624 ||| BUYING potion of curing (51 gold).
 21624 | Snake:2  | Bought a potion of curing for 51 gold pieces
 21624 | Snake:2  | 21624 ||| BUYING potion of curing (51 gold).
 21624 | Snake:2  | Bought a potion of curing for 51 gold pieces
 21624 | Snake:2  | 21624 ||| BUYING potion of magic (136 gold).
 21624 | Snake:2  | Bought a potion of magic for 136 gold pieces
 21624 | Snake:2  | 21624 ||| BUYING potion of might (68 gold).
 21624 | Snake:2  | Bought a potion of might for 68 gold pieces
 21624 | Snake:2  | 21624 ||| BUYING potion of might (68 gold).
 21624 | Snake:2  | Bought a potion of might for 68 gold pieces
 21648 | Snake:2  | Reached XP level 17. HP: 161/161 MP: 23/23
 21654 | Snake:2  | 21654 ||| INVOKING Heroism.
 21663 | Snake:2  | HP: 18/161 [naga warrior/+0 trident (26)]
 21664 | Snake:2  | 21664 ||| READING 7 scrolls of teleportation.
 21664 | Snake:2  | Annihilated by a naga warrior

Levels and vault maps discovered:
D:1:      dpeg_arrival_connections, layout_basic, corexii_hall_statues_i,
          bh_walls_and_bars
D:2:      kennysheep_the_goblin_king, layout_basic, basic_altar, uniq_jessica
D:3:      layout_loops_cross, serial_co_window_serial,
          co_window_of_opportunity_a, co_window_paths_b, co_window_corner_a,
          co_window_paths_b, co_window_paths_a, co_window_broadway_b,
          co_window_unsneaky_path_c, co_window_paths_c, co_window_sun,
          glass_columns_a
D:4:      layout_loops_cross, grunt_temple_overflow_magic_moments,
          worldfamousw_hep_ancestral_shrine
D:5:      layout_loops_cross
D:6:      layout_loops_ring, nicolae_ossuary_entry_monument
D:7:      cheibrodos_iron_armory, layout_basic, minmay_temple_entry_butterflies,
          uniq_pikel, uniq_duvessa, uniq_crazy_yiuf_cottage, uniq_menkaure
D:8:      layout_basic, overflow_temple_1_default, jmf_multi_god_temple,
          serial_shops, shop, minivault_10, serial_bayou_pond_b, uniq_erica
D:9:      layout_roguey, zin_academy, mainiacjoe_overflow_small_starburst,
          grunt_dithmenos_smoke, nicolae_ru_the_path_less_chosen,
          gammafunk_temple_overflow_pools, grunt_ministairs_14
D:10:     layout_cave_pods, slow_altar_2, kennysheep_mini,
          kennysheep_orc_monster_closet_entryway, uniq_nergalle
D:11:     layout_loops_ring, minmay_lair_entry_grove, serial_shops, shop,
          serial_bayou_pond_c
D:12:     fort_yaktaur, layout_irregular_city, gauntlet_entry_generic,
          uniq_erolcha, uniq_snorg, uniq_josephine
D:13:     layout_basic, skrybe_vaults_entry_preservation
D:14:     layout_basic, ebering_ghost_gozag, dk_noncrumbling_3
D:15:     grunt_enter_depths_magical_seal, layout_rooms, nrook_mini_backslash,
          serial_shops, nicolae_shop_tiny_statue_garden,
          maelrawn_ghost_gauntlet_escape, minmay_the_grid_2x2
          [minmay_the_grid_large_cup, minmay_the_grid_empty,
          minmay_the_grid_box_x, minmay_the_grid_prize_big_room], uniq_jorgrun
Temple:   hellmonk_temple_of_storms
Lair:1:   layout_roguey [special_room_bee], serial_rivers,
          chequers_serial_rivers_micro_c, chequers_serial_rivers_micro_d,
          chequers_serial_rivers_large_a, chequers_serial_rivers_small_a
Lair:2:   layout_gridlike, nicolae_shoals_entry_flooding,
          nicolae_snake_entry_warm_welcome, grunt_megastairs_3
Lair:3:   layout_layer_cave, serial_forest, infiniplex_forest_lined_1,
          infiniplex_forest_lined_corner, infiniplex_forest_corner_1,
          infiniplex_forest_corner_2, infiniplex_forest_end_2,
          infiniplex_forest_lined_room_3, infiniplex_forest_straight_3,
          serial_bayou_shore_a, infiniplex_staircase_pool_2, lemuel_fruit_tree,
          grunt_megastairs_1
Lair:4:   layout_loops_ring, grunt_megastairs_2
Lair:5:   evil_forest, layout_misc_corridors, slime_entry_2, st_stairs_8
Snake:1:  layout_layer_cave, serial_shops, shop, shop, nicolae_shop_scrapyard,
          serial_bayou_ford_a
Snake:2:  layout_onion_interference, serial_shops,
          nicolae_shop_tiny_real_fake_doors, minmay_shop_grove
Orc:1:    layout_caves, serial_shops, nicolae_shop_window_shopping,
          nicolae_shop_firing_range
Orc:2:    st_orc_open, layout_caves

Skill      XL: |  1  2  3  4  5  6  7  8  9 10 11 12 13 14 15 16 |
---------------+-------------------------------------------------+-----
Ranged Weapons | 3 4 5 6 7 8 10 12 14 16 18 20 22 | 22.0
Fighting       | 2 3 4 5 6 8 9 10 12 14 15 17 | 17.3
Armour         | 1 2 3 4 6 7 9 |  9.0
Dodging        | 3 4 5 6 7 9 10 12 15 | 15.7
Invocations    | 2 4 5 9 10 | 10.0
Spellcasting   | |  1.0
Hexes          | |  2.0

Action                     |  1- 3 |  4- 6 |  7- 9 | 10-12 | 13-15 | 16-18 || total
---------------------------+-------+-------+-------+-------+-------+-------++-------
   Fire: Sling             |    89 |   149 |       |       |       |       ||   238
         Orcbow            |       |     4 |   104 |   800 |   317 |       ||  1225
         Arbalest          |       |       |    45 |       |   518 |       ||   563
         Shortbow          |       |       |   124 |   140 |       |       ||   264
         Longbow           |       |       |       |       |   437 |   152 ||   589
         Triple crossbow   |       |       |       |       |       |   248 ||   248
 Invoke: Heroism           |       |       |     3 |    30 |    32 |     9 ||    74
         Finesse           |       |       |       |       |     6 |       ||     6
    Use: Scroll            |     2 |     4 |     7 |     7 |     7 |     4 ||    31
         Potion            |     1 |     6 |     4 |     1 |     3 |     1 ||    16
 Armour: Robe              |     2 |       |       |       |       |       ||     2
         Ring mail         |     7 |    57 |    38 |   194 |    51 |       ||   347
         Troll leather arm |       |       |       |       |   152 |    21 ||   173
  Dodge: Dodged            |    35 |    97 |   131 |   544 |  1088 |   308 ||  2203

Table legend:
 A = Non-vault XP
 B = Vault XP
 C = Vault XP percentage of total XP
 D = Non-vault monster count
 E = Vault monster count
 F = Vault count percentage of total count
                 A         B        C        D         E       F
            +---------+---------+-------+---------+---------+-------
      Total |  143519 |   72918 |  33.7 |     597 |     266 |  30.8
            +---------+---------+-------+---------+---------+-------
        D:1 |      38 |       0 |   0.0 |      22 |       0 |   0.0
        D:2 |      61 |      81 |  57.0 |      21 |       8 |  27.6
        D:3 |      47 |       0 |   0.0 |      20 |       0 |   0.0
        D:4 |     475 |       0 |   0.0 |      28 |       0 |   0.0
        D:5 |     322 |       0 |   0.0 |      13 |       0 |   0.0
        D:6 |     521 |       0 |   0.0 |       9 |       0 |   0.0
        D:7 |    1464 |    1134 |  43.6 |      23 |       5 |  17.9
        D:8 |    1973 |    1291 |  39.6 |      18 |       6 |  25.0
        D:9 |    2940 |     307 |   9.5 |      26 |       1 |   3.7
       D:10 |     604 |    2435 |  80.1 |       7 |      22 |  75.9
       D:11 |    4552 |    2339 |  33.9 |      22 |      12 |  35.3
       D:12 |   10079 |   13648 |  57.5 |      31 |      40 |  56.3
       D:13 |   10021 |    6251 |  38.4 |      27 |       8 |  22.9
       D:14 |   14626 |       0 |   0.0 |      26 |       0 |   0.0
       D:15 |   12233 |   12821 |  51.2 |      31 |      23 |  42.6
     Lair:1 |    4922 |    1856 |  27.4 |      17 |      26 |  60.5
     Lair:2 |    7424 |    1406 |  15.9 |      28 |       8 |  22.2
     Lair:3 |    5375 |     436 |   7.5 |      21 |       2 |   8.7
     Lair:4 |   15651 |     462 |   2.9 |      43 |       2 |   4.4
     Lair:5 |   11436 |    9236 |  44.7 |      38 |      27 |  41.5
    Snake:1 |   16263 |       0 |   0.0 |      38 |       0 |   0.0
    Snake:2 |    5891 |       0 |   0.0 |      14 |       0 |   0.0
      Orc:1 |    1317 |       0 |   0.0 |      15 |       0 |   0.0
      Orc:2 |    3032 |   14866 |  83.1 |      30 |      37 |  55.2
    Abyss:2 |   12252 |       0 |   0.0 |      29 |       0 |   0.0
    Ossuary |       0 |      76 | 100.0 |       0 |      21 | 100.0
   Gauntlet |       0 |    4273 | 100.0 |       0 |      18 | 100.0
            +---------+---------+-------+---------+---------+-------
